 Dungeon Crawl Stone Soup version 0.32-a0-675-gdc239d62e1 (webtiles) character file.

Game seed: 11187019322127247679

231 PrettyGoodWithBirds the Shooter (level 6, 0/43 (44) HPs)
             Began as a Formicid Hunter on Mar 11, 2024.
             Succumbed to their own poison gas
             ... in a sewer.
             The game lasted 00:04:40 (1819 turns).

PrettyGoodWithBirds the Shooter (Formicid Hunter)   Turns: 1819, Time: 00:04:41

HP:   0/43 (44)     AC:  7    Str: 16    XL:     6   Next: 24%
MP:   6/6           EV: 12    Int:  8    God:
Gold: 109           SH:  0    Dex: 19    Spells: 5/5 levels left

rFire   . . .        a - +0 shortbow
rCold   . . .        (no shield)
rNeg    . . .        c - +1 leather armour
rPois   .            (helmet unavailable)
rElec   .            (no cloak)
rCorr   .            (no gloves)
SInv    +            h - +2 pair of boots
Will    .....        (no amulet)
Stlth   ++           (no ring)
HPRegen 0.27/turn    (no ring)
MPRegen 0.10/turn

%: no passive effects
@: lethally poisoned (0 -> -7), lightly drained
A: permanent stasis, dig shafts and tunnels, antennae 3, four strong arms
a: Dig


You were in a sewer.
You visited 1 branch of the dungeon, and saw 3 of its levels.
You also visited: Sewer.

You collected 137 gold pieces.
You spent 28 gold pieces at shops.

Inventory:

Hand Weapons
 a - a +0 shortbow (weapon)
Armour
 c - a +1 leather armour (worn)
 h - a +2 pair of boots (worn)
Jewellery
 p - a ring of magical power
Scrolls
 b - a scroll of butterflies
 d - a scroll of enchant armour
 g - 2 scrolls of fog {@r2}
 j - a scroll of immolation
 k - a scroll of teleportation {@r3}
 l - a scroll of noise
Potions
 e - a potion of magic {unknown}
 i - a potion of mutation {unknown}
 m - 2 potions of lignification {unknown}
 n - 2 potions of berserk rage {unknown}
 o - 2 potions of brilliance {unknown}
 q - 3 potions of cancellation {unknown}


   Skills:
 - Level 2.1 Fighting
 + Level 7.1 Ranged Weapons
 - Level 1.7 Dodging
 - Level 1.2 Stealth


You had 5 spell levels left.
You didn't know any spells.
Your spell library was empty.

Dungeon Overview and Level Annotations

Branches:
Dungeon (3/15)              Sewer (1/1)

Altars:
Hepliaklqana

Shops:
D:1 *

Annotations:
D:2 1 runed translucent door, Crazy Yiuf Sewer Pargi


Innate Abilities, Weirdness & Mutations

You cannot be hasted, slowed, berserked, paralysed or teleported.
You can dig through walls and to a lower floor.
You have a pair of large antennae on your head. (SInv)
Your four strong arms can wield two-handed weapons with a shield.


Message History

You shoot an arrow.
The arrow hits Pargi but does no damage.
Pargi is lightly wounded.
Pargi bites you. Pargi closely misses you. x2
You shoot an arrow. The arrow hits Pargi.
Pargi is moderately wounded.
Pargi barely misses you. Pargi misses you. Pargi barely misses you.
You shoot an arrow. The arrow completely misses Pargi.
Pargi barely misses you. Pargi claws you but does no damage. Pargi misses you.
You shoot an arrow. The arrow hits Pargi.
Pargi is moderately wounded.
Pargi bites you but does no damage. Pargi claws you but does no damage.
Pargi claws you.
You are too injured to fight recklessly!
You are too injured to fight recklessly!
You are too injured to fight recklessly!
The air fills with toxic fumes!
As you read the scroll labelled IPSALORODAI, it crumbles to dust.
It was a scroll of poison.
Pargi bites you but does no damage. Pargi claws you but does no damage.
Pargi claws you.
You enter the shallow water.
Moving in this stuff is going to be slow.
You are engulfed in poison gas.
You are poisoned.
You feel very sick.
You are engulfed in poison gas.
You are lethally poisoned!
* * * LOW HITPOINT WARNING * * *
You feel extremely sick.
Unknown command.
You feel better.
You are engulfed in poison gas.
You are lethally poisoned!
* * * LOW HITPOINT WARNING * * *
x2 You feel very sick.
* * * LOW HITPOINT WARNING * * *
You feel very sick.
* * * LOW HITPOINT WARNING * * *
You feel sick.
You extend your mandibles.
You dig through the rock wall.
You feel drained.
You die...

###≈≈≈≈≈≈≈≈≈≈≈≈≈≈≈≈≈≈≈≈≈≈
##≈≈≈≈≈≈≈≈≈≈≈≈≈≈~~~~≈≈≈≈≈≈
#≈≈≈≈≈≈≈≈≈≈≈≈≈≈≈~##.#~≈≈≈≈≈
≈≈≈≈≈≈≈≈≈≈≈≈≈≈~~######~≈≈≈≈
≈≈≈≈≈≈≈≈≈≈≈≈≈~..# #~≈≈≈≈
≈≈○○§§○○≈≈~..#### #.~~≈≈
≈≈§§☼§☼§≈~#### ####~.
#≈§§§§§§≈.## #...
≈≈☼§§☼☼§..@# ####
#≈§§§§§§.### # ≈≈§○☼§☼§##
### #≈☼§§§§○{# #.∩
≈≈§§§§§≈T# ##∩
#≈§☼○○§≈≈.~~.~~~ ##
≈≈§§§§≈≈~####### #
#≈☼§☼§≈≈~# ≈≈≈≈≈≈≈≈~.


There were no monsters in sight!

Vanquished Creatures
  A brain worm (Sewer)
  A bombardier beetle (D:3)
  6 adders
  4 ribbon worms (D:2)
  8 endoplasms
  3 giant cockroaches
  6 goblins
  4 hobgoblins (D:1)
  2 jackals (D:1)
  5 quokkas
  11 ball pythons
  5 bats
  6 frilled lizards
  6 kobolds
  7 rats
75 creatures vanquished.

Notes
Turn   | Place    | Note
-------+----------+-------------------------------------------
     0 | D:1      | PrettyGoodWithBirds the Formicid Hunter began the quest for
                  | the Orb.
     0 | D:1      | Reached XP level 1. HP: 16/16 MP: 1/1
    58 | D:1      | Reached XP level 2. HP: 13/22 MP: 2/2
   203 | D:1      | Found a faded altar of an unknown god.
   223 | D:1      | Reached XP level 3. HP: 27/27 MP: 3/3
   244 | D:1      | Found Funuyg's Assorted Antiques.
   261 | D:1      | Bought a scroll labelled IKIUGR SASEUTU for 28 gold pieces
   421 | D:1      | Reached skill level 5 in Ranged Weapons
   733 | D:2      | Reached XP level 4. HP: 15/33 MP: 4/4
   989 | D:2      | Found a runed translucent door.
   990 | D:2      | Noticed Crazy Yiuf
  1508 | D:3      | Reached XP level 5. HP: 38/38 MP: 5/5
  1514 | D:3      | Reached skill level 6 in Ranged Weapons
  1709 | D:3      | Found a hazy altar of Hepliaklqana.
  1744 | D:3      | Found a glowing drain.
  1749 | Sewer    | Entered a sewer
  1755 | Sewer    | Noticed a brain worm
  1767 | Sewer    | Killed a brain worm
  1768 | Sewer    | Reached skill level 7 in Ranged Weapons
  1768 | Sewer    | Reached XP level 6. HP: 41/44 MP: 6/6
  1804 | Sewer    | Noticed Pargi
  1818 | Sewer    | HP: 2/44 [poisoned by you (poison gas)]
  1819 | Sewer    | Succumbed to their own poison gas

Illustrated notes

Levels and vault maps discovered:
D:1:      roderic_crop_circles_arrival_small, layout_rooms, serial_shops, shop,
          ebering_ecumenical_altar_rust
D:2:      layout_basic, uniq_crazy_yiuf_cottage
D:3:      layout_rooms, nicolae_hepliaklqana_hazy_memory,
          mainiacjoe_sewer_entry_somewhere_in_here_1
Sewer:    sewer_co_pargi_island

Skill      XL: |  1  2  3  4  5 |
---------------+----------------+-----
Ranged Weapons | 5 7 |  7.1
Fighting       | |  2.1
Dodging        | |  1.7
Stealth        | |  1.2

Action                     |  1- 3 |  4- 6 || total
---------------------------+-------+-------++-------
   Fire: Shortbow          |   149 |   130 ||   279
Ability: Dig               |     3 |     1 ||     4
    Use: Scroll            |       |     7 ||     7
         Potion            |       |     1 ||     1
 Armour: Leather armour    |    66 |    41 ||   107
  Dodge: Dodged            |    68 |    47 ||   115

Table legend: (Time is in decaauts)
 A = Elapsed time spent in this place.
 B = Non-inter-level travel time spent in this place.
 C = Inter-level travel time spent in this place.
 D = Time resting spent in this place.
 E = Time spent auto-exploring this place.
 F = Levels seen in this place.
 G = Mean time per level.
                   A        B        C        D        E       F      G
               +--------+--------+--------+--------+--------+-----+--------+
         Total |   1879 |   1818 |     61 |     34 |   1269 |   4 |  469.8 |
       Dungeon |   1795 |   1734 |     61 |     34 |   1231 |   3 |  598.3 |
         Sewer |     83 |     83 |      0 |      0 |     38 |   1 |   83.0 |
               +--------+--------+--------+--------+--------+-----+--------+

Top non-repeatable levels by time:
     D:2: 969 daAuts
     D:1: 543 daAuts
     D:3: 282 daAuts
   Sewer: 83 daAuts
